[Event "SixDays Budapest March IM C 2025"]
[Site "Budapest"]
[Date "2025.03.25"]
[Round "3.1"]
[White "Bashirov, Kemal"]
[Black "Nemeth, Zoltan"]
[Result "1-0"]
[Annotator "TA"]
[ECO "B15"]
[WhiteElo "2336"]
[BlackElo "2188"]
[PlyCount "119"]
[EventDate "2025.03.23"]
[EventCountry "HUN"]
[SourceTitle "playchess.com"]
[Source "ChessBase"]
[SourceQuality "1"]
[TimeControl "5400+30"]

1. e4 c6 2. d4 d5 3. Nc3 dxe4 4. Nxe4 Nf6 5. Nxf6+ exf6 6. c3 Bd6 7. Bd3 O-O 8. Qc2 {[%emt 0:00:09] Active counter play!} Re8+ {[%emt 0:00:37] B15: Caro-Kann: 3 Nc3: 3...g6 and 3...dxe4 4 Nxe4 Nf6 5 Nxf6+ exf6.} 9. Ne2 h5 10. O-O Qc7 {[%emt 0:03:27] White is slightly better.} 11. h3 Nd7 {[%emt 0:06:14] [#]} 12. Ng3 $1 c5 13. Nxh5 {[%emt 0:06:15][%cal Oc1h6] Bh6! would now be deadly.} (13. Bh7+ {is more complex.} Kh8 14. Nxh5 Nb6 15. Be4) 13... cxd4 14. cxd4 Qxc2 15. Bxc2 Nb6 16. Bf4 Bxf4 $146 (16... Bf8 $14) (16... Rd8 17. Rfd1 Be6 18. Be4 Bd5 19. Bxd5 Nxd5 20. Bxd6 Rxd6 21. Rd2 f5 22. Ng3 g6 {1-0 Balabayeva,K (2185)-Shnayder,V (1895) Cheliabinsk Lozovatsky Memorial-B 2023 (5)}) 17. Nxf4 $16 Bd7 18. Rfe1 Bc6 19. Bb3 Kf8 20. d5 Bb5 21. Rxe8+ Rxe8 22. Rc1 Rc8 {[%emt 0:03:17] [#] Against Rc5} 23. Rxc8+ Nxc8 {[%emt 0:00:05][%mdl 4096] Endgame KBN-KBN. White is a pawn up.} 24. g4 Ke7 25. Ng2 Kd6 26. f4 Bd3 27. Kf2 Kc5 ({Black should play} 27... f5 $11) 28. f5 $1 $14 g5 {[%emt 0:05:32] Prevents Nf4.} (28... Nd6 $14) 29. fxg6 $16 fxg6 30. Nf4 Bb1 31. h4 Kd4 32. Ne6+ Ke5 33. Nc5 f5 (33... Nb6 $16 {was necessary.} 34. h5 (34. Nxb7 Nxd5 35. h5 gxh5 $16) 34... gxh5) 34. gxf5 (34. Nxb7 $6 fxg4 35. Kg3 Bf5) 34... b6 {[%emt 0:02:18] [#]} 35. fxg6 $1 bxc5 36. g7 (36. h5 Kf6 $11) 36... Ne7 {[%emt 0:03:00] [#]} (36... Bh7) 37. d6 $1 $18 Kxd6 38. g8=Q {[%emt 0:00:03] Dodges Bh7} ({Don't take} 38. g8=R $6 Nxg8 39. Bxg8 Ke5 $18) (38. g8=B Ke5 39. Kg3 a5 $16) 38... Nxg8 39. Bxg8 {[%emt 0:00:03] KB-KB. White is a pawn up.} Bg6 40. Ke3 Ke5 41. Bc4 a5 $2 (41... Be8 42. Kd3 Kf4) 42. a3 Be8 43. Be2 Kf5 44. h5 {[%emt 0:01:06][%cal Bh4h5,Bh5h6,Bh6h7][%mdl 32] Threatening mate with h6.} Bf7 45. h6 {[%emt 0:00:35] White mates.} Kf6 46. h7 Kg7 47. Bd3 Bd5 48. Kf4 Bb3 49. Ke5 c4 50. Be4 Bd1 51. Kd5 Be2 52. Kc5 Bd3 53. Bd5 Bxh7 54. Bxc4 ({Less strong is} 54. Kxc4 Kf6 $16) 54... Kf6 55. Kb5 Ke7 56. Kxa5 Kd7 57. Kb6 Bc2 58. Bb5+ Kc8 59. Bc6 Kb8 60. a4 {[%emt 0:00:06] Weighted Error Value: White=0.05 (flawless) /Black=0.35  Mistake:       	---       	Black=6      Inaccurate:     	White=1     	Black=3      OK:         	White=11    	Black=14     Best:        	White=3     	Black=2      Strong:       	White=1     	---        Brilliant:      	White=1     	---} 1-0

[Event "SixDays Budapest March IM C 2025"]
[Site "Budapest"]
[Date "2025.03.25"]
[Round "3.2"]
[White "Arias Gaviria, Mario Alexis"]
[Black "Mou, Iris"]
[Result "0-1"]
[Annotator "TA"]
[ECO "D02"]
[WhiteElo "2284"]
[BlackElo "2209"]
[PlyCount "138"]
[EventDate "2025.03.23"]
[EventCountry "HUN"]
[SourceTitle "playchess.com"]
[Source "ChessBase"]
[SourceQuality "1"]
[TimeControl "5400+30"]

1. d4 d5 2. Nf3 Nf6 3. c4 e6 4. g3 Bb4+ 5. Bd2 a5 6. Qc2 c5 7. Bg2 {[%emt 0:02:03] E11: Bogo-Indian.} O-O 8. cxd5 cxd4 9. Nxd4 {[%emt 0:01:16] White is slightly better.} Qb6 10. Nf3 exd5 11. O-O {[%emt 0:00:15] A sharp opening} Nc6 12. Bg5 Be7 13. Nc3 Rd8 14. Rad1 Be6 15. Na4 Qa7 16. Nc3 Rac8 $146 (16... Qc5 17. Qb1 h6 18. Bxf6 Bxf6 19. e3 Qc4 20. Rfe1 d4 21. Ne4 dxe3 22. Nxf6+ gxf6 {0-1 Bahamondes Ortiz,B (2248)-Raja,H (2487) Temuco op 2nd 2025 (7)}) 17. Qd3 d4 18. Nb5 Qc5 19. Rc1 Qb6 {[%emt 0:01:38] Hoping for ...Nb4.} 20. a4 h6 21. Bd2 Nd7 (21... Bc5 $15) 22. Nbxd4 (22. Nfxd4 {simplifies} Nxd4 23. Rxc8 Nxe2+ 24. Qxe2 Rxc8 25. Qe1) 22... Nde5 {[%emt 0:04:45] [#]} (22... Nxd4 $11 23. Qxd4 (23. Nxd4 $2 Ne5 $19) 23... Nc5) 23. Nxc6 $1 $14 Rxc6 24. Rxc6 bxc6 25. Qc2 (25. Nxe5 Rxd3 (25... Qxb2 $2 26. Bc3 $18) 26. Nxd3 c5 $17) 25... Bb3 $2 ({Black should play} 25... Nc4 $14) 26. Bxa5 $18 Qxa5 27. Qxb3 Nxf3+ 28. Bxf3 c5 29. Bd5 Rf8 30. Rd1 Qc7 31. Qc4 Bd6 32. Qa6 Be5 33. b3 Rd8 34. Qc4 Rb8 35. f4 Bf6 36. Rc1 Qe7 37. e4 (37. Qxc5 $2 Qxc5+ 38. Rxc5 Bd4+ 39. Kg2 Bxc5 $19) 37... Bb2 38. Rd1 (38. Qxc5 $2 Qxc5+ 39. Rxc5 Bd4+ 40. Kg2 Bxc5 $19) 38... Qa7 39. Kg2 Bd4 40. h4 Qd7 41. a5 Rb4 42. Qd3 Rb5 43. a6 Rb4 (43... Rb8 $142 44. Bc4 g6) 44. Rd2 Qa7 45. Ra2 Rb6 46. Ra4 Rb8 47. h5 Kf8 48. Bb7 Kg8 49. Qb5 Rd8 50. Bd5 c4 51. Rxc4 Rb8 {[%emt 0:00:37] [#]} 52. Qxb8+ Qxb8 53. Rxd4 {[%emt 0:00:02][%mdl 4096] Endgame Threatens to win with Ra4. KQ-KRB} Qb6 54. Ra4 Qa7 55. Ra2 Kh7 {[%emt 0:00:27] [#]} 56. Bxf7 $1 Kh8 {[%emt 0:00:17] [#]} (56... g5 57. hxg6+) 57. b4 $2 Qxf7 $11 {[%emt 0:00:08] KQ-KR} 58. Ra5 {[%emt 0:00:43] White threatens a7 and mate.} Qa7 (58... Qe7 $5 59. a7 $8 Qxe4+ (59... Qxb4 $2 {loses.} 60. a8=Q+ Kh7 61. Qd5 $18) 60. Kf2 Qc2+ (60... Qxb4 $2 61. a8=Q+ Kh7 62. Qd5 $18) 61. Ke1 Qe4+ 62. Kf2 $11) 59. Kf3 Kh7 60. f5 Kg8 61. Kg4 Kf7 (61... Qd4 $5 62. a7 $8 Qxe4+ 63. Kh3 Qh1+ (63... Qxb4 64. a8=Q+ Kh7 65. Qd5 Qf8 66. Ra8) 64. Kg4 Qe4+ $11) 62. b5 $2 (62. Kf3 $11 {and White has nothing to worry.}) 62... Qd4 $19 63. a7 Qxe4+ {[%emt 0:00:05] Black mates.} 64. Kh3 Qxf5+ 65. Kg2 Qd5+ (65... Qxh5 66. a8=Q (66. a8=R Qd5+ 67. Kh2 Qh5+ 68. Kg1 Qe5 $11) 66... Qe2+ 67. Kg1 Qd1+ 68. Kf2 Qd2+ 69. Kf3 Qd3+ 70. Kf4 Qd4+ 71. Qe4 (71. Kf3 Qd3+ 72. Kf4 Qd4+ 73. Qe4 Qd2+ 74. Kg4 Qxa5 $14) 71... Qd2+ 72. Kg4 Qxa5 73. Qd5+ Ke7 74. Qc5+ Kf7 75. Qc6 $11) 66. Kh3 Qxh5+ 67. Kg2 {[%emt 0:00:01] [#]} Qd5+ $1 68. Kh3 Qd7+ 69. g4 Qd3+ {[%emt 0:00:05] What a bad dream for White.   Weighted Error Value: White=0.07 (flawless) /Black=0.31  Loses game:     	White=1     	Black=1      Mistake:       	---       	Black=3      Inaccurate:     	White=3     	Black=1      OK:         	White=21    	Black=22     Best:        	White=2     	Black=1      Strong:       	White=1     	---} 0-1

[Event "SixDays Budapest March IM C 2025"]
[Site "Budapest"]
[Date "2025.03.25"]
[Round "3.3"]
[White "Balla, Tamas-Kristof"]
[Black "Georgiadis, Anastasios"]
[Result "1-0"]
[Annotator "TA"]
[ECO "A07"]
[WhiteElo "2320"]
[BlackElo "2229"]
[PlyCount "87"]
[EventDate "2025.03.23"]
[EventCountry "HUN"]
[SourceTitle "playchess.com"]
[Source "ChessBase"]
[SourceQuality "1"]
[TimeControl "5400+30"]

1. Nf3 Nf6 2. g3 d5 3. Bg2 c6 4. O-O Bg4 5. h3 Bxf3 6. Bxf3 e5 {[%emt 0:00:31] A07: Réti Opening: New York and Capablanca Systems.} 7. d3 Nbd7 8. e4 dxe4 {[%emt 0:01:29] The position is equal.} 9. dxe4 Bc5 10. c3 O-O 11. Nd2 {[%emt 0:00:38] The position is symmetric and equal} Qe7 12. Qe2 a5 13. a4 {[%emt 0:00:31] Not much happening anymore} Qe6 14. Kg2 $146 (14. Bg2 Nb6 15. Re1 Rfd8 16. Nf1 Nc4 17. Bg5 h6 18. Bxf6 Qxf6 19. Rad1 Qe6 20. Qc2 {½-½ Buese,R (2044)-Griffith,D (2121) IECG CP.1998.Q.00016 1999}) 14... Rfd8 15. Qc4 Qe7 16. Nb3 Bb6 17. Rd1 h6 18. Bd2 Nc5 19. Nxc5 Bxc5 20. Be1 Bb6 21. Rxd8+ Rxd8 22. Rd1 Rxd1 23. Bxd1 Nd7 24. b4 axb4 25. cxb4 Bd4 26. a5 Nb8 27. Bb3 Qd7 28. Ba4 Kh7 {[%emt 0:08:00] [#] Black is now going downhill.} ({Black should play} 28... Qe6 $14 29. Qxe6 fxe6) 29. b5 $1 $16 cxb5 30. Bxb5 Qe7 31. Qc8 {[%emt 0:06:25] Against Bc5} Ba7 {[%emt 0:00:20] Black is weak on the light squares} 32. Bc3 g6 33. Qe8 Qxe8 34. Bxe8 $18 {[%emt 0:00:06][%mdl 4096] Endgame KBB-KBN This pair of bishops is nice.} f6 35. f4 Bd4 $2 (35... exf4 36. gxf4 (36. Bxf6 fxg3 37. Kxg3 Na6 $16) 36... Kg7) 36. Bxd4 {[%emt 0:05:11] White is clearly winning.} exd4 {[%emt 0:00:01] KB-KN} 37. Bb5 Kg7 38. Kf3 Kf7 39. Ke2 Ke6 40. Kd3 g5 41. Kxd4 gxf4 42. gxf4 {[%emt 0:00:11][%cal Bg3f4,Bf4e5][%mdl 32] [#] White wants to mate with Kc5.} Kd6 43. e5+ fxe5+ 44. fxe5+ {[%emt 0:00:09] Weighted Error Value: White=0.03 (flawless) /Black=0.71  Mistake:       	---       	Black=2      Inaccurate:     	White=1     	Black=2      OK:         	White=15    	Black=13     Best:        	White=2     	---        Strong:       	White=1     	---} 1-0

[Event "SixDays Budapest March IM C 2025"]
[Site "Budapest"]
[Date "2025.03.25"]
[Round "3.4"]
[White "Szeberenyi, Adam"]
[Black "Lau, Lut Yin Luke"]
[Result "1/2-1/2"]
[Annotator "TA"]
[ECO "D41"]
[WhiteElo "2294"]
[BlackElo "2240"]
[PlyCount "53"]
[EventDate "2025.03.23"]
[EventCountry "HUN"]
[SourceTitle "playchess.com"]
[Source "ChessBase"]
[SourceQuality "1"]
[TimeControl "5400+30"]

1. d4 Nf6 2. c4 e6 3. Nf3 d5 4. Nc3 c5 5. cxd5 Nxd5 6. e4 Nxc3 7. bxc3 cxd4 8. cxd4 Bb4+ 9. Bd2 Bxd2+ 10. Qxd2 O-O 11. Bc4 Nd7 12. O-O {[%emt 0:00:32] D41: Queen's Gambit Declined: Semi-Tarrasch with 5 cxd5.} b6 13. d5 Nf6 {[%emt 0:01:44] The position is equal.} 14. Qf4 exd5 15. Rad1 Bd7 $146 (15... Qd7 16. exd5 Qg4 17. Qc7 Qh5 18. Ne5 Bh3 19. Rfe1 Rac8 20. Qxa7 Bxg2 21. Kxg2 Ng4 {0-1 Wojtaszek,R (2681)-Nguyen,N (2633) Olympiad-45 Budapest 2024 (5.4)}) 16. Bxd5 {[%emt 0:05:04] [#]} Nxd5 17. Rxd5 Qe8 18. Nd4 Be6 {[%emt 0:05:12] [#]} 19. Nf5 $1 {[%emt 0:17:30][%cal Of5g7] Strongly threatening Nxg7!.} Bxd5 (19... Bxf5 20. exf5) 20. Qg5 $1 g6 21. Nh6+ Kg7 22. Nf5+ Kg8 23. Qf6 {[%emt 0:00:47][%csl Gf5][%cal Rf6g7] Inhibits f6.} gxf5 24. Qg5+ Kh8 25. Qf6+ Kg8 26. Qg5+ Kh8 27. Qf6+ {[%emt 0:00:02] Not much happened in this game.   Weighted Error Value: White=0.02 (flawless) /Black=0.04 (flawless)   Inaccurate:     	White=1     	---        OK:         	White=5     	Black=6      Best:        	White=3     	Black=3      Strong:       	White=1     	---} 1/2-1/2

[Event "SixDays Budapest March IM C 2025"]
[Site "Budapest"]
[Date "2025.03.25"]
[Round "3.5"]
[White "Steiners, Emils"]
[Black "Sanjay Narayanan P S"]
[Result "1/2-1/2"]
[Annotator "TA"]
[ECO "D32"]
[WhiteElo "2165"]
[BlackElo "2169"]
[PlyCount "115"]
[EventDate "2025.03.23"]
[EventCountry "HUN"]
[SourceTitle "playchess.com"]
[Source "ChessBase"]
[SourceQuality "1"]
[TimeControl "5400+30"]

1. d4 d5 2. c4 e6 3. Nc3 c5 4. cxd5 exd5 5. Nf3 Nf6 6. Bg5 Be7 7. dxc5 Be6 8. e3 {[%emt 0:02:15] D32: Tarrasch Defence: Sidelines and lines without g3.} Nc6 9. Bxf6 Bxf6 10. Nd4 $146 {[%emt 0:00:38] White is slightly better.} ({Predecessor:} 10. Bb5 O-O 11. O-O Bxc3 12. bxc3 Qa5 13. Bxc6 bxc6 14. Qd4 h6 15. Ne5 Qc7 16. f4 {1-0 Montano Vicente,G (1973)-White,J (2235) Titled Tuesday intern op 03rd Sep Late blitz 2024 (7)}) 10... Qe7 11. Bb5 Qxc5 12. O-O O-O 13. Na4 {[%emt 0:02:33] A dynamic duo of knights.} Qd6 14. Bxc6 bxc6 15. Rc1 Rac8 16. Nc5 Bd8 (16... Bd7 $14) 17. Qa4 (17. Nb7 $16 Qd7 18. Nxd8 Qxd8 19. Nxc6 (19. Rxc6 Rxc6 20. Nxc6 Qd6 $16)) 17... Bc7 $11 {[%emt 0:03:53][%csl Gc7][%cal Rd6h2] [#]} 18. f4 {[%emt 0:01:48][%cal Oc5e6] Active counter play!} (18. Nxc6 $2 Qxh2#) 18... Bb6 19. b4 a5 20. f5 (20. Ncxe6 $14 fxe6 21. bxa5 (21. Nxc6 $2 Bxe3+ 22. Kh1 Bxc1 $19) 21... Bxd4 22. Qxd4 (22. exd4 Rxf4 23. a6 Rxf1+ 24. Rxf1 Qb8 $16)) 20... Bd7 21. Nxd7 Qxd7 22. bxa5 {[%emt 0:01:05][%csl Oa5] White has a strong passed pawn} Ra8 23. a6 (23. Qxc6 {simplifies} Qxc6 24. Rxc6 Bxa5 25. Kf2) 23... Qe7 (23... Qe8 $1 $11 {keeps the balance.} 24. Kh1 c5) 24. Nxc6 (24. Qxc6 $2 Qxe3+ 25. Kh1 Bxd4 $19 (25... Qxd4 $2 26. f6 $19)) (24. Rfe1 $16) 24... Bxe3+ 25. Kh1 Qe4 26. Qxe4 dxe4 27. Ne7+ Kh8 28. Rc6 Bd2 {[%emt 0:01:28] ...e3 is the strong threat.} 29. Rf2 e3 30. Re2 Rfb8 (30... Rfe8 $1 $11 31. Nd5 Red8) 31. g4 {[%emt 0:02:50] Nd5 is the strong threat.} Rb2 32. Nd5 ({White should play} 32. Nc8 $16) 32... Rxa2 33. Nxe3 (33. Nc7 $14 {should be considered.} Rc8 34. Kg2) 33... Ra1+ 34. Kg2 Bxe3 35. Rxe3 {[%emt 0:00:08][%mdl 4096] Endgame Threatening Rec3. KRR-KRR. White is a pawn up.} h5 36. g5 R1xa6 37. Rc7 Kg8 38. Kg3 Ra5 39. Kh4 (39. Rf3 $11) 39... Rxf5 $17 40. Kxh5 $2 (40. Rc4 $17 {is a better chance.}) 40... Ra4 $2 ({Black should try} 40... Rf4 $19 {( -> ...g6+)} 41. Rc6 Raa4 (41... g6+ $2 42. Rxg6+ fxg6+ 43. Kxg6 $19)) 41. Re8+ $14 Kh7 {[%emt 0:00:02][%csl Gf7,Gh7][%cal Rg7g6] [#]} 42. Rxf7 $1 Rh4+ (42... Raa5 43. Rxf5) 43. Kxh4 Rxf7 {[%emt 0:00:12] KR-KR. White is a pawn up.} 44. Kg4 {[%emt 0:00:55] Inhibits Rf4+.} Ra7 45. Kf5 Ra5+ {[%emt 0:00:21] The position is equal.} 46. Re5 Rxe5+ 47. Kxe5 $11 {[%emt 0:00:06] KPP-KP. White is a pawn up.} Kg6 48. Kf4 Kh5 49. Kf5 Kh4 50. Kf4 (50. g6 $5 Kh5 $8 51. Kf4 $11) 50... Kh5 51. Kf5 Kh4 52. g6 {[%emt 0:00:38] White wants to mate with Ke6.} (52. Kg6 $5 Kg4 $8 53. Kxg7 Kxg5 54. Kh8 $11) 52... Kh5 53. h3 Kh6 $1 ({Worse is} 53... Kh4 54. Ke6 Kg5 55. Kf7 Kh6 56. h4 Kh5 57. Kxg7 Kxh4 58. Kf6) 54. Kg4 Kxg6 55. h4 Kh6 56. h5 g6 57. hxg6 Kxg6 58. Kf4 {Weighted Error Value: White=0.33/Black=0.26 (precise)   Loses game:     	White=1     	---        Missed win:     	---       	Black=2      Mistake:       	White=6     	Black=3      Inaccurate:     	White=3     	Black=3      OK:         	White=16    	Black=18     Best:        	White=4     	Black=9      Strong:       	---       	Black=1      Brilliant:      	White=1     	---} 1/2-1/2